 Dungeon Crawl Stone Soup version 0.26-a0-639-g72c4674329 (webtiles) character file.

Game seed: 18065148402185018039

40 Kaptain the Caller (level 3, -2/22 HPs)
             Began as an Octopode Summoner on Sept 19, 2020.
             Slain by an adder (4 damage)
             ... on level 1 of the Dungeon.
             The game lasted 00:05:13 (1989 turns).

Kaptain the Caller (Octopode Summoner)              Turns: 1989, Time: 00:05:14

Health: -2/22      AC:  1    Str:  7    XL:     3   Next: 50%
Magic:  3/6        EV: 13    Int: 18    God:
Gold:   32         SH:  5    Dex: 12    Spells: 4/7 levels left

rFire    . . .     SeeInvis .   e - +3 short sword
rCold    . . .     Faith    .   (no shield)
rNeg     . . .     Spirit   .   (helmet restricted)
rPois    .         Reflect  +   b - amulet of reflection
rElec    .         Harm     .   (no ring)
rCorr    .         Rampage  .   (no ring)
MR       .....                  (no ring)
Stlth    +++.......             (no ring)
HPRegen  0.07/turn              (no ring)
MPRegen  0.10/turn              (no ring)
                                (no ring)
                                (no ring)

@: lethally poisoned (-2 -> -8)
A: almost no armour, stealthy swim, amphibious, 8 rings, constrict 8, camouflage
1, gelatinous body 1
a: no special abilities


You were on level 1 of the Dungeon.
You visited 1 branch of the dungeon, and saw 2 of its levels.

You collected 32 gold pieces.

Inventory:

Hand Weapons
 e - a +3 short sword (weapon)
Jewellery
 b - an amulet of reflection (around mantle)
Scrolls
 a - 3 scrolls of teleportation {unknown}


   Skills:
 + Level 0.9 Fighting
 + Level 2.2 Dodging
 + Level 3.1 Stealth
 * Level 2.5 Spellcasting
 * Level 4.3 Summonings


You had 4 spell levels left.
You knew the following spells:

 Your Spells              Type           Power        Failure   Level
a - Summon Small Mammal   Summ           ###.         2%          1
b - Call Imp              Summ           ###.....     4%          2

Your spell library contained the following spells:

 Spells                   Type           Power        Failure   Level
 Call Canine Familiar     Summ           ###.....     9%          3
 Summon Guardian Golem    Hex/Summ       ##......     22%         3
 Summon Ice Beast         Ice/Summ       ##......     56%         4
 Summon Lightning Spire   Summ/Air       ##......     56%         4


Dungeon Overview and Level Annotations

Branches:
Dungeon (2/15)

Altars:


Innate Abilities, Weirdness & Mutations

You cannot wear most types of armour.
You are very stealthy in the water. (Stealth+)
You are amphibious.
You can wear up to eight rings at the same time.
You can use your tentacles to constrict eight enemies at once.
Your skin changes colour to match your surroundings (Stealth+).
Your rubbery body absorbs attacks. (AC +1, EV +1)


Message History

Pain shoots through your body!
* * * LOW HITPOINT WARNING * * *
Your rat bites Jessica.
You feel better.
You constrict Jessica, but do no damage.
Your bat hits Jessica. You block the adder's attack.
Jessica casts a spell.
Jessica struggles to blink free from constriction.
Your quokka bites the adder.
The adder bites you.
* * * LOW HITPOINT WARNING * * *
You are lethally poisoned!
The adder poisons you!
Your rat bites Jessica.
Jessica dies!
You aren't carrying any potions.
Unknown command.
You hit the adder. Your grab misses the adder. Your squeeze misses the adder.
The adder is moderately wounded.
* * * LOW HITPOINT WARNING * * *
You feel sick.
Your quokka bites the adder.
The adder bites you.
You die...

###### #....# ### #....# #.#
##### #....# #.# ######...##
#....# ######.###)...).#..#
#....# #........'.r..####.#
#....#
#...######..S#####.######....#
#...#### #..b@................
#......# #.r)#####.###########
#....#.# #...# #..#.......#.
#....#.# #...# ##...♣♣♣♣♣...
#....#.# #...# #♣♣♣♣♣♣♣♣♣♣♣
#.....[# #...# #♣♣♣♣...♣♣♣♣
#....### #...# #...........
#....# ####### #...........
#)...# #.....######.8..8.8..8.


You could see an adder, a friendly quokka (summoned), a friendly bat (summoned)
and a friendly rat (summoned).

Vanquished Creatures
  A leopard gecko (D:1)
  A giant cockroach (D:1)
  2 goblins (D:1)
  2 hobgoblins (D:1)
  4 kobolds (D:1)
  3 bats (D:1)
  A frilled lizard (D:1)
14 creatures vanquished.

Vanquished Creatures (collateral kills)
  Jessica (D:1)
  2 dart slugs (D:1)
  A giant cockroach (D:1)
  A goblin (D:1)
  5 hobgoblins (D:1)
  A kobold (D:1)
  A bat (D:1)
  2 rats (D:1)
14 creatures vanquished.

Grand Total: 28 creatures vanquished

Notes
Turn   | Place    | Note
-------+----------+-------------------------------------------
     0 | D:1      | Kaptain the Octopode Summoner began the quest for the Orb.
     0 | D:1      | Reached XP level 1. HP: 11/11 MP: 3/3
   527 | D:1      | Reached XP level 2. HP: 18/18 MP: 0/5
  1385 | D:1      | Learned a level 2 spell: Call Imp
  1546 | D:1      | Reached XP level 3. HP: 17/22 MP: 2/6
  1977 | D:2      | Noticed Jessica
  1988 | D:1      | Killed Jessica
  1989 | D:1      | Slain by an adder

Illustrated notes

Levels and vault maps discovered:
D:1:      giann_forest_graveyard, layout_basic
D:2:      layout_loops_ring, uniq_crazy_yiuf_cottage, uniq_sigmund,
          uniq_terence, uniq_jessica

Skill      XL: |  1  2 |
---------------+-------+-----
Stealth        | 3 |  3.1
Fighting       | |  0.9
Dodging        | |  2.2
Spellcasting   | |  2.5
Summonings     | |  4.3

Action                   || total
-------------------------++-------
Melee: Unarmed           ||     7
       Constrict         ||    15
       Tentacles         ||     8
       Dagger            ||    20
       Short sword       ||    11
 Cast: Summon Small Mamm ||    55
  Use: Potion            ||     5
       Scroll            ||     1
 Stab: Sleeping          ||     2
Armor: Skin              ||     4
Dodge: Dodged            ||    30
Block: Other             ||     5

Table legend: (Time is in decaauts)
 A = Elapsed time spent in this place.
 B = Non-inter-level travel time spent in this place.
 C = Inter-level travel time spent in this place.
 D = Time resting spent in this place.
 E = Time spent auto-exploring this place.
 F = Levels seen in this place.
 G = Mean time per level.
                   A        B        C        D        E       F      G
               +--------+--------+--------+--------+--------+-----+--------+
         Total |   1989 |   1930 |     59 |    823 |    759 |   2 |  994.5 |
       Dungeon |   1989 |   1930 |     59 |    823 |    759 |   2 |  994.5 |
               +--------+--------+--------+--------+--------+-----+--------+

Top non-repeatable levels by time:
     D:1: 1986 daAuts
     D:2: 2 daAuts
